 Dungeon Crawl Stone Soup version 0.32-a0-933-ga8fa3634e4 (webtiles) character file.

Game seed: 2172170639540673721

1061 smashvw the Skirmisher (level 8, -3/34 (39) HPs)
             Began as a Spriggan Hunter on Apr 14, 2024.
             Was an Initiate of Gozag.
             Killed by divine providence
             ... invoked by Jeremiah
              (10 damage)
             ... on level 6 of the Dungeon.
             The game lasted 00:13:02 (4601 turns).

smashvw the Skirmisher (Spriggan Hunter)            Turns: 4601, Time: 00:13:02

HP:   -3/34 (39)    AC:  2    Str:  7    XL:     8   Next: 6%
MP:   9/9           EV: 18    Int: 10    God:    Gozag
Gold: 846           SH:  0    Dex: 21    Spells: 7/7 levels left

rFire   . . .        a - +0 shortbow
rCold   . . .        (shield currently unavailable)
rNeg    . . .        c - +0 robe
rPois   .            (helmet restricted)
rElec   .            y - scarf {+Inv}
rCorr   .            (gloves unavailable)
SInv    +            (boots unavailable)
Will    +....        (no amulet)
Stlth   +++          (no ring)
HPRegen 0.25/turn    (no ring)
MPRegen 0.11/turn

%: no passive effects
@: heavily drained, very quick
A: very small, no large weapons, unfitting armour, see invisible, speed 3
a: Renounce Religion, Evoke Invisibility, Potion Petition, Call Merchant, Bribe
Branch


You were on level 6 of the Dungeon.
You worshipped Gozag.
Gozag was pleased with you.
You visited 1 branch of the dungeon, and saw 6 of its levels.

You collected 846 gold pieces.

Inventory:

Hand Weapons
 a - a +0 shortbow (weapon)
Armour
 c - a +0 robe (worn)
 y - a scarf of invisibility (worn)
Jewellery
 m - a ring of fire
 p - a ring of positive energy
Talismans
 t - a flux talisman
Wands
 B - a wand of paralysis (8)
Scrolls
 b - 2 scrolls of butterflies
 d - 4 scrolls of noise {unknown}
 e - a scroll of immolation {unknown}
 g - a scroll of torment {unknown}
 h - a scroll of enchant weapon {unknown}
 l - a scroll of enchant armour {unknown}
 n - a scroll of fear {unknown}
 r - 5 scrolls of identify {unknown}
 s - a scroll of revelation {unknown}
 w - a scroll of vulnerability {unknown}
 z - a scroll of amnesia {unknown}
 A - a scroll of teleportation {unknown}
 C - a scroll of brand weapon {unknown}
Potions
 f - 3 potions of curing {unknown}
 i - a potion of haste {unknown}
 j - a potion of degeneration {unknown}
 k - a potion of ambrosia {unknown}
 o - a potion of might {unknown}
 q - 2 potions of magic {unknown}
 u - a potion of lignification {unknown}
 v - 2 potions of heal wounds {unknown}
 x - a potion of attraction {unknown}
 D - a potion of invisibility {unknown}


   Skills:
 - Level 2.0 Fighting
 + Level 9.4 Ranged Weapons
 - Level 4.0 Dodging
 - Level 5.0 Stealth


You had 7 spell levels left.
You didn't know any spells.
Your spell library contained the following spells:

 Spells                   Type           Power      Damage    Failure   Level
 Magic Dart               Conj           0%         1d3       36%         1
 Blink                    Tloc           0%         N/A       50%         2
 Call Imp                 Summ           0%         N/A       50%         2


Dungeon Overview and Level Annotations

Branches:
Dungeon (6/15)
 Temple: D:4-7

Altars:
Cheibriados
Gozag
Hepliaklqana
Vehumet
Wu Jian

Shops:
D:2 (   D:3 ?

Annotations:
D:6 3 runed translucent doors, Heh's ghost, novice CoGl; Jeremiah


Innate Abilities, Weirdness & Mutations

You are very small and have problems with some larger weapons.
You are too small for most types of armour.
You have supernaturally acute eyesight. (SInv)
You cover ground extremely quickly. (Speed+++)


Message History

The butterfly disappears in a burst of colours! x2
Jeremiah lets out a twisted cry.
Something smites you!
You are too injured to fight recklessly!
You are too injured to fight recklessly!
You are too injured to fight recklessly!
You are too injured to fight recklessly!
The butterfly disappears in a burst of colours!
Jeremiah completely misses you.
An orc comes into view.
It is wielding a +0 morningstar of holy wrath.
You are too injured to fight recklessly!
Fire: a) +0 shortbow
Press: ? - help, Q - select action, (/) - cycle Shift-Dir - straight line, f/p - Jeremiah
Aim: Jeremiah, wielding a +3 trident of draining, wearing a +0 robe and wearing an orb of guile (severely wounded, 61% to hit)
You shoot an arrow. The arrow hits Jeremiah.
Jeremiah is almost dead.
The butterfly disappears in a burst of colours! x3
Jeremiah misses you.
Fire: a) +0 shortbow
Press: ? - help, Q - select action, (/) - cycle Shift-Dir - straight line, f/p - Jeremiah
Aim: Jeremiah, wielding a +3 trident of draining, wearing a +0 robe and wearing an orb of guile (almost dead, 61% to hit)
You shoot an arrow. The arrow closely misses Jeremiah.
The arrow closely misses the butterfly.
The arrow barely misses the butterfly.
Jeremiah hits you with a +3 trident of draining!
* * * LOW HITPOINT WARNING * * *
You feel drained.
* * * LOW HITPOINT WARNING * * *
Fire: a) +0 shortbow
Press: ? - help, Q - select action, (/) - cycle Shift-Dir - straight line, f/p - Jeremiah
Aim: Jeremiah, wielding a +3 trident of draining, wearing a +0 robe and wearing an orb of guile (almost dead, 61% to hit)
You shoot an arrow. The arrow barely misses Jeremiah.
The arrow completely misses the butterfly.
The orc shouts!
You hear a shout!
The butterfly disappears in a burst of colours! x2
Jeremiah lets out a twisted cry.
Something smites you!
You die...
Jeremiah wails, "I didn't mean to kill anyone!
I'm not a murderer!"
Your body crumbles into a pile of gold.

#...##.# #.###### #
#...##.# #......###
#...##.########...#
#.........>.....#.#
#...##..........#>.
###.##..........###
#.###....######
#####.###....#
#b.F@........#
#bbbbb...bb..#
b.bb.bb.(.......#
...bb..#.###....
..b....#.# ....
########.# ... #o#
#. ..


You could see Jeremiah and an orc.

Vanquished Creatures
  2 black bears (D:6)
  An ogre (D:6)
  A centaur (D:5)
  2 phantoms (D:5)
  2 scorpions
  A bombardier beetle (D:3)
  2 jellies
  3 hounds
  A sleepcap (D:5)
  2 iguanas
  4 gnolls (D:5)
  7 adders
  A shadow imp (D:6)
  A white imp (D:6)
  5 dart slugs
  A ribbon worm (D:2)
  6 orcs
  4 bats
  8 endoplasms
  A giant cockroach (D:1)
  4 goblins
  4 hobgoblins
  5 kobolds
  5 quokkas
  11 ball pythons
  3 frilled lizards
  13 rats
100 creatures vanquished.

Notes
Turn   | Place    | Note
-------+----------+-------------------------------------------
     0 | D:1      | smashvw the Spriggan Hunter began the quest for the Orb.
     0 | D:1      | Reached XP level 1. HP: 10/10 MP: 2/2
   277 | D:1      | Reached XP level 2. HP: 15/15 MP: 3/3
   370 | D:1      | Found a faded altar of an unknown god.
   403 | D:1      | Prayed at the altar of an unknown god.
   403 | D:1      | Became a worshipper of Gozag Ym Sagoz the Greedy
  1020 | D:2      | Reached XP level 3. HP: 18/18 MP: 4/4
  1123 | D:2      | Found Fucwiblo's Weapon Emporium.
  1691 | D:2      | Reached XP level 4. HP: 15/23 MP: 5/5
  2101 | D:3      | Found Obyenu's Magic Scroll Boutique.
  2220 | D:4      | Reached skill level 5 in Ranged Weapons
  2262 | D:4      | Reached XP level 5. HP: 26/26 MP: 6/6
  2357 | D:4      | Found a hazy altar of Hepliaklqana.
  2556 | D:4      | Reached skill level 5 in Stealth
  2780 | D:4      | Reached skill level 6 in Ranged Weapons
  2780 | D:4      | Reached XP level 6. HP: 24/30 MP: 7/7
  2990 | D:5      | Entered Level 5 of the Dungeon
  3155 | D:5      | Found an ornate altar of the Wu Jian Council.
  3190 | D:5      | Found a radiant altar of Vehumet.
  3299 | D:5      | Found a snail-covered altar of Cheibriados.
  3312 | D:5      | Reached skill level 7 in Ranged Weapons
  3534 | D:5      | Reached XP level 7. HP: 35/35 MP: 8/8
  3693 | D:5      | Reached skill level 8 in Ranged Weapons
  4220 | D:6      | Reached skill level 9 in Ranged Weapons
  4296 | D:6      | Reached XP level 8. HP: 39/39 MP: 9/9
  4315 | D:6      | Found a runed translucent gate.
  4315 | D:6      | Found a runed translucent gate.
  4315 | D:6      | Found a runed translucent gate.
  4321 | D:6      | Noticed Heh's ghost (novice CoGl)
  4569 | D:6      | Noticed Jeremiah
  4601 | D:6      | Killed from afar by Jeremiah

Illustrated notes

Levels and vault maps discovered:
D:1:      minmay_arrival_stone_box, layout_basic,
          chequers_ecumenical_altar_simple
D:2:      layout_basic, serial_shops, nicolae_diamond_shop, minmay_heptomino_w4
D:3:      layout_rooms, serial_shops, shop_scrolls
D:4:      layout_loops_ring, kennysheep_little_box, minmay_unequal
D:5:      layout_cave_pods, overflow_temple_1_default, kennysheep_slug_shrine,
          nicolae_vehumet_radiance, minivault_26
D:6:      layout_basic, gammafunk_ghost_necromancy, uniq_jeremiah

Skill      XL: |  1  2  3  4  5  6  7 |
---------------+----------------------+-----
Stealth        | 2 3 4 5 |  5.0
Dodging        | 3 4 |  4.0
Fighting       | 2 |  2.0
Ranged Weapons | 5 6 7 9 |  9.4

Action                     |  1- 3 |  4- 6 |  7- 9 || total
---------------------------+-------+-------+-------++-------
   Fire: Shortbow          |   114 |   138 |   113 ||   365
 Armour: Robe              |    16 |    18 |    11 ||    45
  Dodge: Dodged            |    29 |    34 |    25 ||    88

Table legend: (Time is in decaauts)
 A = Elapsed time spent in this place.
 B = Non-inter-level travel time spent in this place.
 C = Inter-level travel time spent in this place.
 D = Time resting spent in this place.
 E = Time spent auto-exploring this place.
 F = Levels seen in this place.
 G = Mean time per level.
                   A        B        C        D        E       F      G
               +--------+--------+--------+--------+--------+-----+--------+
         Total |   3150 |   3057 |     93 |      0 |   2377 |   6 |  525.0 |
       Dungeon |   3150 |   3057 |     93 |      0 |   2377 |   6 |  525.0 |
               +--------+--------+--------+--------+--------+-----+--------+

Top non-repeatable levels by time:
     D:5: 657 daAuts
     D:1: 651 daAuts
     D:4: 525 daAuts
     D:2: 524 daAuts
     D:6: 461 daAuts
     D:3: 330 daAuts
